 Dungeon Sprint DCSS version 0.21-a0-405-gf2af9a1 (webtiles) character file.

6706 Kidiri the Eclecticist (level 10, -12/61 HPs)
             Began as a Deep Elf Fire Elementalist on Nov 1, 2017.
             Was the Champion of Vehumet.
             Mangled by a tyrant leech (33 damage)
             ... in the Dungeon (Sprint III: "The Ten Rune Challenge").
             The game lasted 00:17:17 (2025 turns).

Kidiri the Eclecticist (Deep Elf Fire Elementalist) Turns: 2025, Time: 00:17:18

Health: -12/61     AC:  5    Str:  7    XL:     10   Next: 74%
Magic:  17/32      EV: 17    Int: 24    God:    Vehumet [******]
Gold:   98         SH:  0    Dex: 15    Spells: 12/41 levels left

rFire    . . .     SeeInvis .   n - +1 dagger (venom)
rCold    . . .     Gourm    .   (no shield)
rNeg     . . .     Faith    .   r - +0 leather armour
rPois    .         Spirit   .   (no helmet)
rElec    .         Reflect  .   (no cloak)
rCorr    .         Harm     .   (no gloves)
MR       +....     Clarity  +   x - +0 pair of boots Stlth ++........NoTele +
                                (no amulet)
HPRegen  0.60/turn              (no ring)
MPRegen  0.23/turn              (no ring)

@: no status effects
A: clarity, regeneration 1, strong 1
a: Renounce Religion


You were in the Dungeon.
You worshipped Vehumet.
Vehumet was exalted by your worship.
You were not hungry.

You visited 1 branch You collected 98 gold pieces.

Inventory:

Hand Weapons
 n - a +1 dagger of venom (weapon)
Missiles
 t - 8 throwing nets (quivered)
Armour
 r - a +0 leather armour (worn)
 x - a +0 pair of boots (worn)
Wands
 d - a wand of disintegration (13/24)
Scrolls
 i - a scroll of blinking
 j - a scroll of remove curse
 l - 3 scrolls of holy word
 m - a scroll of identify
Potions
 b - a potion of might
 e - 3 potions of heal wounds
 f - 2 potions of haste
 g - a potion of magic
 h - 2 potions of berserk rage
 k - a potion of brilliance {unknown}
 o - 3 potions of flight
 q - a potion of lignification
Comestibles
 a - 3 chunks of flesh
 c - 2 bread rations
 p - 33 royal jellies


   Skills:
 + Level 6.4 Fighting
 + Level 7.6 Short Blades
 + Level 6.4 Armour
 + Level 9.5 Dodging
 - Level 2.4 Stealth
 * Level 16.2 Spellcasting
 + Level 10.2 Conjurations
 + Level 10.6 Fire Magic
 + Level 7.6 Air Magic
 + Level 8.3 Poison Magic


You had 12 spell levels left.
You knew the following spells:

 Your Spells              Type           Power        Failure   Level  Hunger
a - Flame Tongue          Conj/Fire      #####        1%          1    None
b - Throw Flame           Conj/Fire      ######       1%          2    None
c - Conjure Flame         Conj/Fire      ######..     1%          3    None
d - Inner Flame           Hex/Fire       #####...     1%          3    None
e - Ignite Poison         Fire/Tmut/Pois #####...     1%          3    None
f - Sticky Flame          Conj/Fire      ######..     1%          4    None
g - Fireball              Conj/Fire      ######....   1%          5    #......
h - Lightning Bolt        Conj/Air       ######....   1%          5    #......
i - Mephitic Cloud        Conj/Pois/Air  ######..     1%          3    None


Dungeon Overview and Level Annotations

Branches:
Dungeon (1/1)

Altars:
Cheibriados
Dithmenos
Elyvilon
Fedhas
Gozag
Hepliaklqana
Kikubaaqudgha
Makhleb
Nemelex Xobeh
Okawaru
Qazlal
Ru
Sif Muna
Trog
Uskayaw
Vehumet
Wu Jian
Xom
Yredelemnul
Zin
The Shining One
Beogh
Jiyva
Lugonu

Annotations:
D exclusion: 2 doors


Innate Abilities, Weirdness & Mutations

You possess an exceptional clarity of mind.
Your natural rate of healing is unusually fast.
Your muscles are strong. (Str +2)


Message History

Confirm with . or Enter, or press ? or * to list all spells.
Aiming: Lightning Bolt
Press: ? - help, Shift-Dir - straight line You hear a mighty clap of thunder!
The bolt of lightning hits the tyrant leech.
The tyrant leech is almost dead.
You smell burning wood.
The tyrant leech bites you.
The tyrant leech draws strength from your injuries!
Unknown command.
Casting: Lightning Bolt
Confirm with . or Enter, or press ? or * to list all spells.
Aiming: Lightning Bolt
Press: ? - help, Shift-Dir - straight line You hear a mighty clap of thunder!
The bolt of lightning hits the tyrant leech.
The tyrant leech is almost dead.
You hear a shout!
The tyrant leech bites you!!
Ouch! That really hurt!
You die...

..####...#...######'#
..###....#.⌠.#__#...#+###########
..##.....#...#__#...#....#.#.#...
..#......#+###__#...##.#).#.##.##
##.#.....#..)#__#...'##)#.#.##)#)
#####....#___#__+...#...#).#..##)
▓ ▓▓▓▓▓▓▓▓▓▓▓▓▓▓▓▓▓▓▓▓▓▓▓▓▓▓▓▓▓
♣♣≈≈≈........≈≈≈..
+♣♣@♣≈≈≈≈≈≈≈≈≈≈≈≈♣♣P
#.w♣♣♣♣♣♣♣♣♣♣♣♣♣♣♣.. #..♣♣ ♣♣..
###'♣ ♣♣♣♣♣♣♣♣.♣. ♣♣♣♣%#
#≈≈≈≈≈≈..#. ♣...## #≈≈≈≈≈...#"
♣♣.## #+≈≈≈§§#### ♣..# #≈≈...§
.♣.# #≈..+###


You could see a tyrant leech.

Vanquished Creatures
  Erolcha (D)
  A deep elf mage (D)
  2 spiny frogs (D)
  A komodo dragon (D)
  A queen bee (D)
  3 wandering mushrooms (D)
  A tyrant leech (D)
  A shadow (D)
  4 redbacks (D)
  A spatial vortex (D)
  A necrophage (D)
  A black mamba simulacrum (D)
  A fire dragon simulacrum (D)
  5 two-headed ogres (D)
  A water elemental (D)
  32 killer bees (D)
  An electric eel (D)
  A jelly (D)
  A wizard (D)
  Jessica (D)
  A necromancer (D)
  A polar bear simulacrum (D)
  A wolf simulacrum (D)
  A kobold demonologist (D)
  3 humans (D)
  An ooze (D)
  A phantom (D)
  2 rats (D)
  2 plants (D)
74 creatures vanquished.

Vanquished Creatures (others)
  2 draconian scorchers (D)
  3 hydras (D)
  A yaktaur (D)
  6 hellions (D)
  4 plants (D)
16 creatures vanquished.

Grand Total: 90 creatures vanquished

Notes
Turn   | Place    | Note
-------+----------+-------------------------------------------
     0 | D        | Kidiri the Deep Elf Fire Elementalist began the quest for the Orb.
     0 | D        | Reached XP level 1. HP: 10/10 MP: 6/6
     9 | D        | Reached skill level 4 in Spellcasting
    70 | D        | Noticed Jessica
    74 | D        | Killed Jessica
    74 | D        | Reached skill level 6 in Spellcasting
    74 | D        | Reached XP level 2. HP: 15/15 MP: 7/11
    74 | D        | Reached XP level 3. HP: 19/19 MP: 7/12
    78 | D        | Learned a level 2 spell: Throw Flame
    82 | D        | Learned a level 3 spell: Conjure Flame
    86 | D        | Learned a level 3 spell: Inner Flame
    89 | D        | Killed a hellion
   128 | D        | Killed a yaktaur
   164 | D        | Killed a hellion
   184 | D        | Reached skill level 7 in Spellcasting
   184 | D        | Reached skill level 5 in Fire Magic
   205 | D        | Killed a white draconian scorcher
   209 | D        | Killed a hellion
   211 | D        | Killed a hellion
   215 | D        | Killed a white draconian scorcher
   221 | D        | Killed an eight-headed hydra
   225 | D        | Killed a hellion
   271 | D        | Killed a hellion
   311 | D        | Gained mutation: You are partially covered in rugged brown scales. (AC +1, +3% HP) [potion of mutation]
   311 | D        | Gained mutation: Your natural rate of healing is unusually fast. [potion of mutation]
   312 | D        | Lost mutation: You are partially covered in rugged brown scales. (AC +1, +3% HP) [potion of mutation]
   312 | D        | Gained mutation: Your muscles are strong. (Str +2) [potion of mutation]
   312 | D        | Gained mutation: You are resistant to electric shocks. (rElec) [potion of mutation]
   313 | D        | Lost mutation: You are resistant to electric shocks. (rElec) [potion of mutation]
   313 | D        | Gained mutation: You are somewhat resistant to further mutation. [potion of mutation]
   314 | D        | Lost mutation: Your muscles are strong. (Str +2) [potion of mutation]
   314 | D        | Lost mutation: You are somewhat resistant to further mutation. [potion of mutation]
   314 | D        | Gained mutation: Your muscles are strong. (Str +2) [potion of mutation]
   314 | D        | Gained mutation: You possess an exceptional clarity of mind. [potion of mutation]
   324 | D        | Noticed a water elemental
   327 | D        | Killed a water elemental
   327 | D        | Reached skill level 8 in Spellcasting
   327 | D        | Reached XP level 4. HP: 24/24 MP: 8/16
   382 | D        | Learned a level 4 spell: Sticky Flame
   382 | D        | Found a radiant altar of Vehumet.
   383 | D        | Found a deep blue altar of Sif Muna.
   383 | D        | Found an ancient bone altar of Kikubaaqudgha.
   383 | D        | Noticed a wizard
   386 | D        | Killed a wizard
   386 | D        | Reached skill level 9 in Spellcasting
   386 | D        | Reached skill level 5 in Conjurations
   387 | D        | Reached skill level 10 in Spellcasting
   387 | D        | Reached XP level 5. HP: 24/28 MP: 7/19
   413 | D        | Learned a level 5 spell: Fireball
   417 | D        | Learned a level 3 spell: Mephitic Cloud
   420 | D        | Became a worshipper of Vehumet
   487 | D        | Found a glowing silver altar of Zin.
   488 | D        | Found a glowing golden altar of the Shining One.
   488 | D        | Found a white marble altar of Elyvilon.
   488 | D        | Noticed a deep elf mage
   494 | D        | Killed a deep elf mage
   494 | D        | Reached skill level 11 in Spellcasting
   494 | D        | Reached XP level 6. HP: 34/36 MP: 9/22
   494 | D        | Reached XP level 7. HP: 38/40 MP: 9/24
   570 | D        | Found an ornate altar of the Wu Jian Council.
   570 | D        | Found a roughly hewn altar of Beogh.
   570 | D        | Found an iron altar of Okawaru.
   570 | D        | Found a bloodstained altar of Trog.
   570 | D        | Found a hide-covered altar of Uskayaw.
   570 | D        | Noticed a human
   570 | D        | Noticed a human
   579 | D        | Killed a human
   579 | D        | Reached skill level 5 in Dodging
   579 | D        | Reached skill level 12 in Spellcasting
   587 | D        | Killed a human
   587 | D        | Reached * piety under Vehumet
   587 | D        | Offered knowledge of Freeze by Vehumet.
   688 | D        | Found a basalt altar of Yredelemnul.
   688 | D        | Found a shadowy altar of Dithmenos.
   688 | D        | Found a sacrificial altar of Ru.
   762 | D        | Noticed a shadow
   765 | D        | Killed a shadow
   765 | D        | Offered knowledge of Shock by Vehumet.
   765 | D        | Reached ** piety under Vehumet
   765 | D        | Reached XP level 8. HP: 46/46 MP: 17/26
   822 | D        | Found a blossoming altar of Fedhas.
   822 | D        | Found a stormy altar of Qazlal.
   822 | D        | Found a snail-covered altar of Cheibriados.
   822 | D        | Found a burning altar of Makhleb.
   822 | D        | Found a shimmering altar of Xom.
   823 | D        | Found a hazy altar of Hepliaklqana.
   823 | D        | Found an opulent altar of Gozag.
   823 | D        | Found a sparkling altar of Nemelex Xobeh.
   823 | D        | Found a corrupted altar of Lugonu.
   823 | D        | Found a viscous altar of Jiyva.
   838 | D        | Reached skill level 5 in Poison Magic
   911 | D        | Reached skill level 13 in Spellcasting
   918 | D        | Reached *** piety under Vehumet
   992 | D        | Noticed a two-headed ogre
   999 | D        | Killed a two-headed ogre
   999 | D        | Offered knowledge of Ignite Poison by Vehumet.
   999 | D        | Reached skill level 5 in Short Blades
   999 | D        | Reached skill level 5 in Air Magic
  1004 | D        | Learned a level 3 spell: Ignite Poison
  1065 | D        | Noticed Erolcha
  1066 | D        | Noticed a two-headed ogre
  1071 | D        | Killed a two-headed ogre
  1071 | D        | Offered knowledge of Iskenderun's Mystic Blast by Vehumet.
  1072 | D        | Killed Erolcha
  1072 | D        | Reached **** piety under Vehumet
  1072 | D        | Reached skill level 14 in Spellcasting
  1072 | D        | Reached XP level 9. HP: 53/53 MP: 16/29
  1176 | D        | Reached skill level 5 in Fighting
  1176 | D        | Reached skill level 5 in Armour
  1280 | D        | Noticed a queen bee
  1284 | D        | Offered knowledge of Lightning Bolt by Vehumet.
  1284 | D        | Reached ***** piety under Vehumet
  1285 | D        | Killed a queen bee
  1296 | D        | Reached ****** piety under Vehumet
  1306 | D        | Reached skill level 15 in Spellcasting
  1306 | D        | Reached XP level 10. HP: 17/59 MP: 9/31
  1308 | D        | Reached skill level 10 in Fire Magic
  1487 | D        | Learned a level 5 spell: Lightning Bolt
  1507 | D        | Offered knowledge of Spellforged Servitor by Vehumet.
  1644 | D        | Killed a seven-headed hydra
  1716 | D        | Killed a five-headed hydra
  1859 | D        | Noticed a spiny frog
  1859 | D        | Noticed a spiny frog
  1861 | D        | Killed a spiny frog
  1862 | D        | Offered knowledge of Iskenderun's Battlesphere by Vehumet.
  1862 | D        | Reached skill level 10 in Conjurations
  1862 | D        | Killed a spiny frog
  1862 | D        | Reached skill level 16 in Spellcasting
  2025 | D        | Mangled by a tyrant leech

Vault maps used:
D:        dungeon_sprint_mu

Skill      XL: |  1  2  3  4  5  6  7  8  9 10 |
---------------+-------------------------------+-----
Spellcasting   | 6 8 10 11 12 14 15 16 | 16.2
Conjurations   | 3 4 5 6 7 8 9 10 | 10.2
Fire Magic     | 4 5 6 7 8 9 10 | 10.6
Fighting       | 2 3 4 5 6 |  6.4
Short Blades   | 3 4 5 6 7 |  7.6
Armour         | 2 3 4 5 6 |  6.4
Dodging        | 4 5 7 8 9 |  9.5
Air Magic      | 3 4 5 6 7 |  7.6
Poison Magic   | 3 4 6 7 8 |  8.3
Stealth        | |  2.4

Action                   |  1- 3 |  4- 6 |  7- 9 | 10-12 || total
-------------------------+-------+-------+-------+-------++-------
Melee: Unarmed           |     1 |       |       |       ||     1
       Dagger            |       |       |     2 |    27 ||    29
 Cast: Flame Tongue      |    15 |     3 |    46 |    22 ||    86
       Conjure Flame     |     1 |       |     8 |     3 ||    12
       Sticky Flame      |       |     3 |     4 |     6 ||    13
       Mephitic Cloud    |       |     1 |     6 |     2 ||     9
       Inner Flame       |       |       |     6 |       ||     6
       Ignite Poison     |       |       |     3 |     3 ||     6
       Fireball          |       |       |     2 |     4 ||     6
       Lightning Bolt    |       |       |       |    10 ||    10
       Throw Flame       |       |       |       |     2 ||     2
  Use: Potion            |     4 |       |     1 |     2 ||     7
       Scroll            |       |     3 |       |     1 ||     4
 Stab: Confused          |       |       |       |     1 ||     1
  Eat: Chunk             |       |       |     1 |       ||     1
       Fruit             |       |       |       |     3 ||     3
Armor: Leather armour    |       |       |     1 |     3 ||     4
Dodge: Dodged            |     1 |     2 |     9 |    50 ||    62

Table legend:
 A = Spawn XP
 B = Non-spawn XP
 C = Spawn XP percentage of total XP
 D = Spawn monster count
 E = Non-spawn monster count
 F = Spawn count percentage of total count
 G = Total turns spent on level
                    A         B        C        D         E        F      G
               +---------+---------+-------+---------+---------+-------+---------
         Total |       0 |    9580 |   0.0 |       0 |      72 |   0.0 |  2025
               +---------+---------+-------+---------+---------+-------+---------
             D |       0 |    9580 |   0.0 |       0 |      72 |   0.0 |  2025
               +---------+---------+-------+---------+---------+-------+---------
